 Dungeon Sprint DCSS version 0.17-a0-1646-geb1493d (webtiles) character file.

802 nuthulu the Grappler (level 7, -15/118 (121) HPs)
             Began as a Troll Berserker on Aug 10, 2015.
             Was a Priest of Trog.
             Demolished by a tentacle (20 damage)
             ... attached to a kraken
             ... in the Dungeon (Sprint II: "The Violet Keep of Menkaure").
             The game lasted 00:02:45 (318 turns).

nuthulu the Grappler (Troll Berserker)               Turns: 318, Time: 00:02:45

HP:   -15/118 (121) AC:  6    Str: 31    XL:     7   Next: 59%
MP:   6/6           EV: 15    Int:  3    God:    Trog [***...]
Gold: 299           SH:  0    Dex: 11    Spells: 0 memorised, 6 levels left

rFire  . . .     SeeInvis .       - Unarmed
rCold  . . .     Clarity  .     a - +0 animal skin
rNeg   . . .     SustAt   .     (no shield)
rPois  .         Gourm    +     j - +0 hat
rElec  .         Spirit   .     k - +0 cloak
rCorr  .         Warding  .     (gloves unavailable)
rMut   .         NoTele   +     (boots unavailable)
MR     .....                    (no amulet)
Stlth  ..........               (no ring)
                                l - +2 ring of evasion

@: berserking, very quick, not resistant to hostile enchantments, extremely
unstealthy
A: unfitting armour, claws 3, fast metabolism 3, gourmand, regeneration 2,
shaggy fur 1, tough skin 2
a: Burn Spellbooks, Berserk, Trog's Hand, Renounce Religion


You were in the Dungeon.
You worshipped Trog.
Trog was most pleased with you.
You were not hungry.

You visited 1 branch You collected 972 gold pieces.
You spent 673 gold pieces at shops.

Inventory:

Armour
 a - a +0 animal skin (worn)
 j - a +0 hat (worn)
 k - a +0 cloak (worn)
Jewellery
 l - a +2 ring of evasion (left claw)
Scrolls
 h - a scroll of blinking
Potions
 c - a potion of curing
 d - 5 potions of heal wounds
 e - a potion of haste
 f - 2 potions of magic
 g - a potion of berserk rage
 i - a potion of might
Comestibles
 b - 2 bread rations


   Skills:
 + Level 8.5 Fighting
 + Level 8.6 Dodging
 + Level 10.2 Unarmed Combat


You had 6 spell levels left.
You didn't know any spells.

Dungeon Overview and Level Annotations

Branches:
Dungeon (1/1)

Altars:

Shops:
D =*:([=[%:}[!=!?(

Annotations:
D exclusion: oklob plant


Innate Abilities, Weirdness & Mutations

You are too large for most types of armour.
You have claws for hands.
Your metabolism is lightning-fast.
You like to eat raw meat.
You heal very quickly.
You are covered in fur (AC +1).
You have very tough skin (AC +2).


Message History

You kill the tentacle!
The tentacle slaps you! The tentacle slaps you.
The tentacle closely misses you. The tentacle slaps you!
The tentacle closely misses you.
The tentacle slaps you but does no damage.
You feel a strong urge to attack something.
The tentacle slaps you!! The tentacle slaps you!
* * * LOW HITPOINT WARNING * * *
Tentacles burst out of the water!
The tentacle closely misses you.
You scratch the tentacle.
The tentacle is lightly wounded.
The tentacle slaps you!!
* * * LOW HITPOINT WARNING * * *
The tentacle barely misses you.
Unknown command.
You are too berserk!
You mangle the tentacle!!
The tentacle is heavily wounded.
The tentacle slaps you!!
You die...

## ≈## ############≈≈#+++#
###########≈≈≈*.w..
##........#≈≈**X##+
##...⌠....#≈w**##.# ##
##..∩.∩...#@w*≈#..## .#
##.∩.∩.∩..#≈w####..# ### .##
##∩.∩.∩.∩.#≈##.###'###.##..#
##.∩...∩.∩#≈##..##.##...#..#
##∩.....∩.'≈'.##'.<.'##.+..#
##.......∩#≈##..##.##...#...
#▓▓▓▓▓▓▓###≈##.###'###.##...
##/EF######≈≈####.#.#### ≈.§
#$.F#Y( ##≈≈≈#..#..# §§§


You could see a kraken, 4 tentacles and a spiny frog.

Vanquished Creatures
  2 boulder beetles (D)
  4 necrophages (D)
  4 worker ants (D)
  2 worms (D)
  A tentacle (D)
13 creatures vanquished.

Vanquished Creatures (others)
  6 tentacles (D)
  158 tentacle segments (D)
164 creatures vanquished.

Grand Total: 177 creatures vanquished

Notes
Turn   | Place    | Note
--------------------------------------------------------------
     0 | D        | nuthulu the Troll Berserker began the quest for the Orb.
     0 | D        | Reached XP level 1. HP: 22/22 MP: 0/0
    20 | D        | Acquired Trog's second power
    34 | D        | Noticed a boulder beetle
    34 | D        | Noticed a boulder beetle
    37 | D        | Noticed a necrophage
    37 | D        | Noticed a necrophage
    37 | D        | Noticed a necrophage
    37 | D        | Noticed a necrophage
    45 | D        | Killed a necrophage
    45 | D        | Reached skill level 4 in Fighting
    45 | D        | Reached skill level 5 in Unarmed Combat
    45 | D        | Reached XP level 2. HP: 33/33 MP: 1/1
    45 | D        | Reached XP level 3. HP: 41/41 MP: 2/2
    45 | D        | Reached XP level 4. HP: 49/49 MP: 3/3
    51 | D        | Killed a necrophage
    51 | D        | Reached skill level 5 in Fighting
    51 | D        | Reached skill level 5 in Dodging
    51 | D        | Reached skill level 7 in Unarmed Combat
    51 | D        | Reached XP level 5. HP: 54/57 MP: 4/4
    63 | D        | Killed a necrophage
    63 | D        | Reached XP level 6. HP: 42/66 MP: 5/5
    67 | D        | Killed a necrophage
    67 | D        | Reached skill level 8 in Unarmed Combat
   101 | D        | Noticed a worker ant
   101 | D        | Noticed a worker ant
   101 | D        | Noticed a worker ant
   101 | D        | Noticed a worker ant
   103 | D        | Killed a worker ant
   106 | D        | Killed a worker ant
   108 | D        | Killed a worker ant
   109 | D        | Killed a worker ant
   109 | D        | Reached skill level 9 in Unarmed Combat
   158 | D        | Found Vitack's Antique Weapon Shop.
   158 | D        | Found Arietezi's Magic Scroll Boutique.
   158 | D        | Found Owutra's Distillery.
   158 | D        | Found Otirgh's Jewellery Shop.
   158 | D        | Found Neiluef's Gadget Boutique.
   158 | D        | Found Qoucwag's Antique Armour Boutique.
   158 | D        | Found Zaunituv's Book Shop.
   159 | D        | Found Zonedghi's Food Shop.
   160 | D        | Found Qaqyr's Antique Armour Shop.
   160 | D        | Found Doawk's Jewellery Boutique.
   160 | D        | Noticed a spiny frog
   161 | D        | Found Dufarghyrpho's Distillery.
   161 | D        | Noticed a spiny frog
   162 | D        | Found Yhapn's Armour Shop.
   162 | D        | Found Ydido's Antique Weapon Boutique.
   162 | D        | Noticed a kraken
   162 | D        | Noticed an oklob plant
   162 | D        | Noticed an iron elemental
   163 | D        | Found Dutoeh's Assorted Antiques.
   163 | D        | Found Kiphecho's Jewellery Boutique.
   163 | D        | Found Wineriat's Book Shoppe.
   166 | D        | Bought a potion of heal wounds for 65 gold pieces
   166 | D        | Bought a potion of heal wounds for 65 gold pieces
   167 | D        | Bought a potion of heal wounds for 65 gold pieces
   167 | D        | Bought a potion of heal wounds for 65 gold pieces
   167 | D        | Bought a potion of might for 52 gold pieces
   175 | D        | Bought a hat for 104 gold pieces
   175 | D        | Bought a cloak for 117 gold pieces
   188 | D        | Noticed a death yak
   194 | D        | Noticed an electric eel
   203 | D        | Bought a +2 ring of evasion for 140 gold pieces
   227 | D        | Noticed a kraken
   247 | D        | Killed a boulder beetle
   247 | D        | Reached XP level 7. HP: 78/78 MP: 6/6
   256 | D        | Killed a boulder beetle
   256 | D        | Reached skill level 10 in Unarmed Combat
   317 | D        | HP: 5/118 [tentacle[a kraken] (21)]
   318 | D        | Demolished by a tentacle

Vault maps used:
D:        the_violet_keep_of_menkaure

Action                   |  1- 3 |  4- 6 |  7- 9 || total
-------------------------+-------+-------+-------++-------
Melee: Unarmed           |    21 |    36 |    15 ||    72
Invok: Berserk           |     1 |     2 |     1 ||     4
  Eat: Chunk             |     1 |     2 |     4 ||     7
